 Dungeon Sprint DCSS version 0.20-a0-647-gf178af5 (webtiles) character file.

42803 Musica the Executioner (level 13, -7/126 (127) HPs)
             Began as a Demonspawn Berserker on Feb 15, 2017.
             Was the Champion of Trog.
             Killed by divine providence
             ... invoked by a mummy priest
              (11 damage)
             ... in the Dungeon (Sprint V: "Ziggurat Sprint").
             The game lasted 00:48:54 (1775 turns).

Musica the Executioner (Demonspawn Berserker)       Turns: 1775, Time: 00:48:55

HP:   -7/126 (127)  AC: 26    Str: 21    XL:     13   Next: 87%
MP:   21/21         EV: 32    Int:  9    God:    Trog [******]
Gold: 0             SH:  8    Dex: 31    Spells: 12/12 levels left

rFire    . . .     SeeInvis .   N - +2 battleaxe (elec)
rCold    + + .     Gourm    .   m - +7 ice dragon scales of the Lion {rPois rF- rC++ Regen+ Stlth-}
rNeg     . . .     Faith    .   (shield currently unavailable)
rPois    +         Spirit   .   (helmet restricted)
rElec    .         Reflect  +   (no cloak)
rCorr    .         Harm     .   S - +1 pair of gloves {Dex+3}
MR       ++...     NoTele   +   U - +2 pair of boots {Stlth+}
Stlth    +++.......             X - brooch of Shielding {Reflect SH+8}
Regen    1.8/turn               L - ring of Vucuelich {+Fly EV+5 Str-5 Dex+3}
MPRegen  0.2/turn               x - +6 ring of dexterity

@: mighty, agile, lethally poisoned (-7 -> -7), flayed, very slightly
contaminated, regenerating, slowed, invisible, very slow
A: horns 2, repulsion field 2, fire resistance 1, powered by pain 1
a: Berserk, Trog's Hand, Brothers in Arms, Burn Spellbooks, Renounce Religion,
Evoke Flight


You were in the Dungeon.
You worshipped Trog.
Trog was exalted by your worship.
You were not hungry.

You visited 1 branch

Inventory:

Hand Weapons
 h - the +2 battleaxe of Exestemo {speed, *Rage *Noise Str+4 Int+8}
   (Trog gifted it to you in the Dungeon)

   Attacks with this weapon are significantly faster.
   It affects your strength (+4).
   It affects your intelligence (+8).
   It may make noises in combat.
   It may make you go berserk in combat.
 A - a +6 antimagic battleaxe
 H - the +7 great mace "Firestarter" {inner flame, rF++}
   (You found it in the Dungeon)

   It has been specially enchanted to burn those struck by it, causing extra
   injury to most foes and up to half again as much damage against particularly
   susceptible opponents.
   It greatly protects you from fire.
 M - the +8 war axe "Hutung" {chop, Int+6}
   (You found it in the Dungeon)

   It inflicts extra damage upon your enemies.
   It affects your intelligence (+6).
 N - a +2 battleaxe of electrocution (weapon)
Armour
 m - the +7 ice dragon scales of the Lion (worn) {rPois rF- rC++ Regen+ Stlth-}
   (You found it in the Dungeon)

   It makes you vulnerable to fire.
   It greatly protects you from cold.
   It protects you from poison.
   It increases your rate of regeneration.
   It makes you less stealthy.
 S - a +1 pair of gloves of dexterity (worn)
 U - a +2 pair of boots of stealth (worn)
Jewellery
 b - the ring of Jiyhuon {MR- AC+2 Dex+6}
   (You found it in the Dungeon)

   [ring of protection]

   It affects your AC (+2).
   It affects your dexterity (+6).
   It affects your resistance to hostile enchantments.
 x - a +6 ring of dexterity (left hand)
 y - the amulet of the Endless Expanse {Reflect +Inv SH+5}
   (You found it in the Dungeon)

   [amulet of reflection]

   It shields you and reflects attacks.
   It lets you turn invisible.
   It affects your SH (+5).
 C - a +6 ring of strength
 L - the ring of Vucuelich (right hand) {+Fly EV+5 Str-5 Dex+3}
   (You found it in the Dungeon)

   [ring of evasion]

   It affects your evasion (+5).
   It affects your strength (-5).
   It affects your dexterity (+3).
   It lets you fly.
 O - the ring "Rocw" {Wiz rC+ rN++ Stlth+}
   (You found it in the Dungeon)

   [ring of wizardry]

   It improves your spell success rate.
   It protects you from cold.
   It greatly protects you from negative energy.
   It makes you more stealthy.
 T - the amulet "Fiunoma" {RegenMP Dex+5}
   (You found it in the Dungeon)

   [amulet of magic regeneration]

   It increases your magic regeneration.
   It affects your dexterity (+5).
 X - the brooch of Shielding (around neck) {Reflect SH+8}
   (You found it in the Dungeon)

   [amulet of reflection]

   It shields you and reflects attacks.
   It affects your SH (+8).
Wands
 D - a wand of disintegration (4/24)
 E - a wand of iceblast (1/15)
 F - a wand of lightning (5/15)
 G - a wand of acid (5/15)
Scrolls
 i - 4 scrolls of blinking
 p - 3 scrolls of recharging
 q - 7 scrolls of fog
 r - 5 scrolls of identify
 s - 5 scrolls of remove curse
 t - 2 scrolls of fear
 R - 3 scrolls of brand weapon
Potions
 d - 10 potions of curing
 e - 7 potions of heal wounds
 f - 13 potions of haste
 g - 7 potions of magic
 k - a potion of invisibility
 l - 4 potions of resistance
 n - 4 potions of agility
 o - 4 potions of might
Miscellaneous
 a - a lamp of fire
 w - a lightning rod (3/4)
 J - a fan of gales
 P - a phantom mirror
 Y - a phial of floods
Comestibles
 c - 5 bread rations
 u - 42 fruits
 v - a meat ration


   Skills:
 + Level 20.0 Fighting
 + Level 21.9 Axes
 + Level 2.5(15.1) Maces & Flails
 + Level 11.4 Armour
 + Level 9.0 Dodging
 + Level 4.3 Stealth
 + Level 11.4 Evocations


You had 12 spell levels left.
You didn't know any spells.

Dungeon Overview and Level Annotations

Branches:
Dungeon (1/1)

Altars:
Ashenzari
Cheibriados
Dithmenos
Elyvilon
Fedhas
Gozag
Hepliaklqana
Kikubaaqudgha
Makhleb
Nemelex Xobeh
Okawaru
Qazlal
Ru
Sif Muna
Trog
Uskayaw
Vehumet
Xom
Yredelemnul
Zin
The Shining One
Beogh
Jiyva
Lugonu


Innate Abilities, Weirdness & Mutations

You have a pair of horns on your head.
You are surrounded by a moderate repulsion field. (EV +3)
Your flesh is heat resistant. (rF+)
You sometimes gain a little power by taking damage.


Message History

You catch the helpless death scarab completely off-guard!
You slice the death scarab!!
There is a sudden explosion of sparks!
You destroy the death scarab!
Trog accepts your kill. Something appears at your feet! Trog grants you a gift!
Your Dodging skill increases to level 9!
You strike the helpless flying skull from behind!
You carve the flying skull like a ham!!!
You destroy the flying skull!
You feel your flesh rotting away!
* * * LOW HITPOINT WARNING * * *
You feel sick.
The death scarab completely misses you. x2
The ushabti shakes and rattles deafeningly!
The flayed ghost hits you.
* * * LOW HITPOINT WARNING * * *
The guardian mummy hits you but does no damage.
The mummy priest mumbles some strange prayers to its god against you.
Something smites you!
You die...

....§8.§..▓............
...........▓............
....M....M.▓............
......ZMsM.§nV.▓..▓.......▓.
......MMz8z.M8.▓............
........M..§8§Z▓............
......MMs..3Z4.▓............
...▓....nZM▓MMz▓▓▓▓▓▓▓▓▓▓▓▓▓
..........W@M..▓.....8©8....
..........Wsz..▓..:}[).:).)|
...............▓..[.).).):..
▓▓▓▓▓▓▓▓▓▓▓▓▓▓▓▓............
▓............ ▓.....:......
▓............ ▓............
▓............


You could see a greater mummy, 5 mummy priests, a jiangshi, a flayed ghost, an
orange demon, 3 guardian mummies, 3 ushabtiu, a freezing wraith, a spectral
adder, 3 death scarabs, 2 necrophages, 2 flying skulls, 5 mummies, 2 wights, a
leopard gecko simulacrum, a leopard gecko zombie and a leopard gecko skeleton.

Vanquished Creatures
  A lich (D)
  An acid blob (D)
  2 reapers (D)
  2 vampire knights (D)
  6 death oozes (D)
  A mummy priest (D)
  A great orb of eyes (D)
  2 vampire magi (D)
  2 death scarabs (D)
  2 iron golems (D)
  4 skeletal warriors (D)
  A glowing orange brain (D)
  6 necromancers (D)
  A toenail golem (D)
  3 ugly things (D)
  2 naga magi (D)
  A vault sentinel (D)
  An eye of devastation (D)
  3 rust devils (D)
  A hellion (D)
  A yaktaur (D)
  4 ice devils (D)
  2 tormentors (D)
  2 guardian mummies (D)
  An ancient zyme (D)
  2 trolls (D)
  2 jumping spiders (D)
  A large abomination (D)
  10 slime creatures (D)
  4 flying skulls (D)
  A wraith (D)
  6 shadows (D)
  A tarantella (D)
  3 neqoxecs (D)
  A golden eye (D)
  A chaos spawn (D)
  2 wargs (D)
  2 nagas (D)
  2 hell hounds (D)
  3 water moccasins (D)
  A floating eye (D)
  A necrophage (D)
  4 orc warriors (D)
  A phantom (D)
  2 ogres (D)
  A scorpion (D)
  2 wights (D)
  A crimson imp (D)
  2 quasits (D)
  4 jellies (D)
  An orc priest (D)
  2 iron imps (D)
  3 mummies (D)
  2 adders (D)
  2 white imps (D)
  4 oozes (D)
  2 ufetubi (D)
  3 adder zombies (D)
  4 adder skeletons (D)
  5 bat skeletons (D)
  4 bat zombies (D)
  5 ball pythons (D)
  A ball python zombie (D)
  A giant cockroach zombie (D)
  A jackal skeleton (D)
  A leopard gecko skeleton (D)
  3 leopard gecko zombies (D)
157 creatures vanquished.

Vanquished Creatures (collateral kills)
  A greater mummy (D)
  A yaktaur captain (D)
  2 vault guards (D)
  A necromancer (D)
  An orc knight (D)
  An ironbrand convoker (D)
  4 toenail golems (D)
  A tormentor (D)
  A guardian mummy (D)
  2 slime creatures (D)
  A flying skull (D)
  A vampire (D)
  2 ushabtiu (D)
  2 hell hounds (D)
  An orc warrior (D)
  2 necrophages (D)
  2 ogres (D)
  A wight (D)
  A jelly (D)
  3 mummies (D)
  An adder (D)
  3 adder zombies (D)
  A bat skeleton (D)
36 creatures vanquished.

Vanquished Creatures (others)
  A shadow (D)
  A wight (D)
2 creatures vanquished.

Grand Total: 195 creatures vanquished

Notes
Turn   | Place    | Note
-------+----------+-------------------------------------------
     0 | D        | Musica the Demonspawn Berserker began the quest for the Orb.
     0 | D        | Reached XP level 1. HP: 18/18 MP: 1/1
     0 | D        | Found a deep blue altar of Sif Muna.
     0 | D        | Found a bloodstained altar of Trog.
     0 | D        | Found a sacrificial altar of Ru.
     0 | D        | Found a stormy altar of Qazlal.
     0 | D        | Found an iron altar of Okawaru.
     1 | D        | Found a sparkling altar of Nemelex Xobeh.
     1 | D        | Found a blossoming altar of Fedhas.
     3 | D        | Found an ancient bone altar of Kikubaaqudgha.
     3 | D        | Found a viscous altar of Jiyva.
     3 | D        | Found a corrupted altar of Lugonu.
     3 | D        | Found a hazy altar of Hepliaklqana.
     3 | D        | Found a burning altar of Makhleb.
     3 | D        | Found an opulent altar of Gozag.
    71 | D        | Reached skill level 5 in Fighting
    71 | D        | Reached skill level 4 in Axes
    71 | D        | Gained mutation: Your flesh is heat resistant. (rF+) [demonic ancestry]
    71 | D        | Reached XP level 2. HP: 27/27 MP: 2/2
    83 | D        | Entered arena 1.
    83 | D        | Noticed a crimson imp
    85 | D        | Killed a crimson imp
    85 | D        | Reached skill level 5 in Axes
    85 | D        | Gained mutation: You are surrounded by a mild repulsion field. (EV +2) [demonic ancestry]
    85 | D        | Reached XP level 3. HP: 34/34 MP: 3/3
    87 | D        | Reached XP level 4. HP: 41/41 MP: 4/4
   123 | D        | Entered arena 2.
   123 | D        | Noticed a hell hound
   124 | D        | Reached ** piety under Trog
   128 | D        | Killed a hell hound
   128 | D        | Reached skill level 7 in Axes
   128 | D        | Reached skill level 5 in Armour
   128 | D        | Gained mutation: You sometimes gain a little power by taking damage. [demonic ancestry]
   128 | D        | Reached XP level 5. HP: 42/49 MP: 5/5
   140 | D        | Entered arena 3.
   140 | D        | Noticed a slime creature
   140 | D        | Noticed a slime creature
   141 | D        | Reached *** piety under Trog
   148 | D        | Killed a slime creature
   148 | D        | Reached skill level 8 in Axes
   148 | D        | Reached skill level 1 in Evocations
   148 | D        | Reached XP level 6. HP: 12/59 MP: 6/6
   149 | D        | Killed a slime creature
   149 | D        | Reached skill level 10 in Fighting
   149 | D        | Reached skill level 9 in Axes
   149 | D        | Gained mutation: You have a pair of small horns on your head. [demonic ancestry]
   149 | D        | Reached XP level 7. HP: 14/66 MP: 6/8
   154 | D        | Got the ring of Jiyhuon {MR- AC+2 Dex+6}
   403 | D        | Entered arena 4.
   403 | D        | Noticed a tarantella
   403 | D        | Noticed a jumping spider
   403 | D        | Noticed a jumping spider
   408 | D        | Killed a jumping spider
   408 | D        | Reached **** piety under Trog
   408 | D        | Reached skill level 10 in Axes
   410 | D        | Killed a tarantella
   411 | D        | Killed a jumping spider
   411 | D        | Reached XP level 8. HP: 75/75 MP: 9/9
   424 | D        | Got the ring of Vucuelich {+Fly EV+5 Str-5 Dex+3}
   556 | D        | Entered arena 5.
   556 | D        | Noticed a toenail golem
   556 | D        | Noticed a toenail golem
   556 | D        | Noticed a toenail golem
   556 | D        | Noticed a toenail golem
   556 | D        | Noticed a toenail golem
   559 | D        | Killed a toenail golem
   559 | D        | Reached skill level 11 in Axes
   559 | D        | Reached skill level 5 in Dodging
   561 | D        | Killed a toenail golem
   562 | D        | Killed a toenail golem
   562 | D        | Killed a toenail golem
   562 | D        | Reached skill level 12 in Axes
   562 | D        | Gained mutation: You are surrounded by a moderate repulsion field. (EV +3) [demonic ancestry]
   562 | D        | Reached XP level 9. HP: 76/83 MP: 9/11
   565 | D        | Killed a toenail golem
   565 | D        | Reached skill level 1 in Maces & Flails
   572 | D        | Got the +8 war axe "Hutung" {chop, Int+6}
   588 | D        | Entered arena 6.
   588 | D        | Noticed a brown ugly thing
   588 | D        | Noticed a white ugly thing
   588 | D        | Noticed a purple ugly thing
   595 | D        | Killed a purple ugly thing
   597 | D        | Killed a purple ugly thing
   597 | D        | Reached skill level 13 in Axes
   599 | D        | Killed a purple ugly thing
   599 | D        | Gained mutation: You tend to lose your temper in combat. [a neqoxec]
   600 | D        | Reached ***** piety under Trog
   604 | D        | Received a gift from Trog
   604 | D        | Reached XP level 10. HP: 92/92 MP: 11/13
   609 | D        | Lost mutation: You tend to lose your temper in combat. [mutagenic meat]
   629 | D        | Entered arena 7.
   629 | D        | Noticed a naga mage
   629 | D        | Noticed a naga mage
   639 | D        | Killed a naga mage
   642 | D        | Killed a naga mage
   643 | D        | Received a gift from Trog
   669 | D        | Got the +7 ice dragon scales of the Lion {rPois rF- rC++ Regen+ Stlth-}
   681 | D        | Entered arena 8.
   681 | D        | Noticed a vault guard
   681 | D        | Noticed a yaktaur captain
   681 | D        | Noticed an ironbrand convoker
   681 | D        | Noticed a great orb of eyes
   681 | D        | Noticed a vault guard
   681 | D        | Noticed a vault sentinel
   686 | D        | Killed a vault guard
   686 | D        | Reached skill level 14 in Axes
   686 | D        | Reached skill level 5 in Evocations
   689 | D        | Killed a great orb of eyes
   689 | D        | Killed a vault guard
   691 | D        | Reached skill level 10 in Armour
   691 | D        | Killed an ironbrand convoker
   692 | D        | Killed a yaktaur captain
   692 | D        | Reached skill level 15 in Fighting
   692 | D        | Reached skill level 15 in Axes
   695 | D        | Killed a vault sentinel
   695 | D        | Received a gift from Trog
   695 | D        | Reached XP level 11. HP: 102/102 MP: 13/15
   725 | D        | Got the amulet "Geggoig" {Faith Str-4 Int+3 Dex+3}
   830 | D        | Entered arena 9.
   837 | D        | Received a gift from Trog
   867 | D        | Entered arena 10.
   872 | D        | Reached ****** piety under Trog
   872 | D        | Received a gift from Trog
   892 | D        | Got the amulet "Fiunoma" {RegenMP Dex+5}
   908 | D        | Entered arena 11.
   908 | D        | Noticed an acid blob
   908 | D        | Noticed a death ooze
   911 | D        | Noticed a death ooze
   914 | D        | Killed a death ooze
   918 | D        | Killed a death ooze
   918 | D        | Received a gift from Trog
   918 | D        | Reached skill level 16 in Axes
   922 | D        | Killed an acid blob
   928 | D        | Reached skill level 17 in Axes
  1021 | D        | Entered arena 12.
  1022 | D        | Noticed a skeletal warrior
  1024 | D        | Noticed an iron golem
  1034 | D        | Received a gift from Trog
  1042 | D        | Killed a skeletal warrior
  1052 | D        | Killed an iron golem
  1106 | D        | Entered arena 13.
  1107 | D        | Received a gift from Trog
  1108 | D        | Noticed a necromancer
  1114 | D        | Gained mutation: You have a pair of horns on your head. [demonic ancestry]
  1114 | D        | Reached XP level 12. HP: 113/113 MP: 17/17
  1118 | D        | Received a gift from Trog
  1119 | D        | Reached skill level 18 in Axes
  1125 | D        | Got the ring of Ravion {Str+2 Int+2}
  1160 | D        | Entered arena 14.
  1160 | D        | Noticed a lich
  1161 | D        | Noticed a vampire knight
  1163 | D        | Received a gift from Trog
  1167 | D        | Killed a vampire knight
  1167 | D        | Reached skill level 1 in Stealth
  1175 | D        | Killed a lich
  1178 | D        | Received a gift from Trog
  1214 | D        | Identified the Volume of the Traveller
  1220 | D        | Identified the Tome of Heat
  1228 | D        | Entered arena 15.
  1230 | D        | Noticed a death scarab
  1230 | D        | Noticed a greater mummy
  1233 | D        | Noticed a mummy priest
  1238 | D        | Killed a greater mummy
  1238 | D        | Received a gift from Trog
  1238 | D        | Reached skill level 19 in Axes
  1240 | D        | Killed a death scarab
  1247 | D        | Killed a mummy priest
  1247 | D        | Received a gift from Trog
  1300 | D        | Entered arena 16.
  1325 | D        | Received a gift from Trog
  1325 | D        | Received a gift from Trog
  1330 | D        | Reached skill level 20 in Axes
  1334 | D        | Reached XP level 13. HP: 119/119 MP: 10/19
  1350 | D        | Got the ring of Kycrexao {rPois rN+ MR+ Dex-5}
  1386 | D        | Entered arena 17.
  1395 | D        | Noticed a death ooze
  1398 | D        | Noticed a death ooze
  1399 | D        | Noticed a death ooze
  1399 | D        | Noticed a death ooze
  1399 | D        | Paralysed by a floating eye for 2 turns
  1401 | D        | Received a gift from Trog
  1407 | D        | Received a gift from Trog
  1408 | D        | Killed a death ooze
  1408 | D        | Killed a death ooze
  1414 | D        | Killed a death ooze
  1414 | D        | Received a gift from Trog
  1415 | D        | Killed a death ooze
  1415 | D        | Reached skill level 10 in Evocations
  1456 | D        | Entered arena 18.
  1457 | D        | Noticed a reaper
  1459 | D        | Noticed a reaper
  1471 | D        | Received a gift from Trog
  1472 | D        | Killed a reaper
  1480 | D        | Received a gift from Trog
  1480 | D        | Reached skill level 21 in Axes
  1488 | D        | Killed a reaper
  1488 | D        | Received a gift from Trog
  1503 | D        | Received a gift from Trog
  1531 | D        | Got the ring "Pyskysh" {Wiz Str+6}
  1535 | D        | Got the ring "Rocw" {Wiz rC+ rN++ Stlth+}
  1575 | D        | Entered arena 19.
  1575 | D        | Noticed a vampire knight
  1582 | D        | Killed a vampire knight
  1615 | D        | Received a gift from Trog
  1619 | D        | Received a gift from Trog
  1644 | D        | Got a jewelled battleaxe {god gift}
  1652 | D        | Identified the +2 battleaxe of Exestemo {speed, *Rage *Noise Str+4 Int+8} (Trog gifted it to you in the Dungeon)
  1678 | D        | Got the amulet of the Endless Expanse {Reflect +Inv SH+5}
  1745 | D        | Entered arena 20.
  1755 | D        | Noticed a mummy priest
  1755 | D        | Noticed a mummy priest
  1761 | D        | Noticed a mummy priest
  1764 | D        | Noticed a greater mummy
  1767 | D        | Noticed a mummy priest
  1769 | D        | Noticed a jiangshi
  1775 | D        | Noticed a jiangshi
  1775 | D        | Noticed a mummy priest
  1775 | D        | Received a gift from Trog
  1775 | D        | HP: 5/126 [ushabti] (7)]
  1775 | D        | Killed from afar by a mummy priest

Vault maps used:
D:        sprint_v

Skill      XL: |  1  2  3  4  5  6  7  8  9 10 11 12 13 |
---------------+----------------------------------------+-----
Fighting       | 5 6 7 9 10 11 12 13 15 16 18 20 | 20.0
Axes           | 4 5 7 8 9 10 12 13 15 17 20 21 | 21.9
Armour         | 4 5 6 7 8 9 10 11 | 11.4
Dodging        | 2 3 4 5 6 7 8 9 |  9.0
Evocations     | 1 2 4 6 7 9 11 | 11.4
Maces & Flails | 1 2 |  2.5
Stealth        | 3 4 |  4.3

Action                   |  1- 3 |  4- 6 |  7- 9 | 10-12 | 13-15 || total
-------------------------+-------+-------+-------+-------+-------++-------
Melee: Executioner's axe |     3 |     8 |     5 |       |       ||    16
       Headbutt          |       |       |     7 |    37 |    34 ||    78
       Shillelagh        |       |       |     6 |       |       ||     6
       War axe           |       |       |    11 |    19 |    37 ||    67
       Battleaxe         |       |       |       |   107 |    54 ||   161
Invok: Berserk           |       |     1 |     1 |     2 |     1 ||     5
       Trog's Hand       |       |       |     3 |     7 |     4 ||    14
       Brothers in Arms  |       |       |     2 |     3 |     2 ||     7
Evoke: Wand              |       |     4 |     1 |       |     2 ||     7
       Lamp of fire      |       |       |     1 |     5 |     2 ||     8
       Box of beasts     |       |       |       |     3 |       ||     3
       Phantom mirror    |       |       |       |     2 |     2 ||     4
       Sack of spiders   |       |       |       |     2 |       ||     2
       Phial of floods   |       |       |       |     1 |     3 ||     4
       Lightning rod     |       |       |       |     1 |       ||     1
  Use: Potion            |     2 |       |       |     3 |    10 ||    15
       Scroll            |       |       |       |     2 |       ||     2
 Stab: Distracted        |       |       |       |     1 |       ||     1
       Held in net/web   |       |       |       |     1 |       ||     1
       Invisible         |       |       |       |       |     3 ||     3
  Eat: Meat ration       |       |       |     1 |     1 |     1 ||     3
       Chunk             |       |       |       |     2 |     1 ||     3
Armor: Gold dragon scale |     1 |     8 |    19 |     2 |       ||    30
       Ice dragon scales |       |       |       |    37 |    17 ||    54
Dodge: Dodged            |       |     3 |    11 |   125 |   113 ||   252
Block: Other             |       |       |       |    17 |    34 ||    51
